 Dungeon Crawl Stone Soup version 0.29-a0-194-g6e3aafee17 (webtiles) character file.

Game seed: 14244902828018326156

174471 siradein the Grappler (level 17, -4/172 HPs)
             Began as a Troll Fighter on Feb 22, 2022.
             Was the Champion of Qazlal.
             Constricted to death by a shambling mangrove (9 damage)
             ... on level 4 of the Swamp on Feb 23, 2022.
             The game lasted 01:50:42 (25757 turns).

siradein the Grappler (Troll Fighter)              Turns: 25757, Time: 01:50:43

Health: -4/172     AC: 18    Str: 32    XL:     17   Next: 45%
Magic:  0/30       EV: 13    Int: 10    God:    Qazlal [******]
Gold:   1924       SH: 28    Dex: 19    Spells: 16/16 levels left

rFire   + + .      SeeInvis .   R - +7 mace "Wainukhof" {freeze, rF+ Will+++ Str+4 Dex-2}
rCold   + + +      Faith    .   b - +2 kite shield {rC+}
rNeg    . . .      Spirit   +   m - +4 moon troll leather armour {Spirit, Regen++ MP+5}
rPois   .          Reflect  +   L - +2 hat {Will+}
rElec   +          Harm     .   a - +0 cloak of Bitterness {Dex+6}
rCorr   .          Rampage  .   (gloves unavailable)
Will    +++++                   (boots unavailable)
Stlth   ..........              C - amulet of reflection
HPRegen 2.78/turn               F - ring of the Wonderful Mango {Fly rElec rC+ Will+ Stlth-}
MPRegen 0.22/turn               p - ring "Teprastroen" {rF+ rC+ Will+ Int+6}

@: lethally poisoned (-4 -> -4), grasped by roots, protected from physical
damage, flying, constricted, repel missiles
A: large, unfitting armour, claws 3, regeneration 1, shaggy fur 1, tough skin 1
a: Renounce Religion, Upheaval, Elemental Force, Disaster Area


You were on level 4 of the Swamp.
You worshipped Qazlal.
Qazlal was exalted by your worship.
You visited 4 branches of the dungeon, and saw 27 of its levels.
You visited the Abyss 1 time.
You also visited: Gauntlet and Ice Cave.

You collected 3922 gold pieces.
You spent 1998 gold pieces at shops.

Inventory:

Hand Weapons
 R - the +7 mace "Wainukhof" (weapon) {freeze, rF+ Will+++ Str+4 Dex-2}
   (You found it on level 10 of the Dungeon)

   It freezes those it strikes, dealing additional cold damage.
   It can also slow down cold-blooded creatures.
   Str:       It affects your strength (+4).
   Dex:       It affects your dexterity (-2).
   rF:        It protects you from fire.
   Will:      It greatly increases your willpower.
Missiles
 D - 64 large rocks (quivered)
Armour
 a - the +0 cloak of Bitterness (worn) {Dex+6}
   (You acquired it on level 2 of the Orcish Mines)

   Dex:       It affects your dexterity (+6).
 b - a +2 kite shield of cold resistance (worn)
 i - a +1 hat
 m - the +4 moon troll leather armour (worn) {Spirit, Regen++ MP+5}
   (You took it off a frost giant in an ice cave)

   MP:        It affects your magic capacity (+5).
   Regen:     It increases your rate of health regeneration.
 L - a +2 hat of willpower (worn)
 P - +0 pearl dragon scales
Jewellery
 d - a +4 ring of protection
 e - the ring of the Lion {rF+ Int+6}
   (You found it in a Gauntlet)

   [ring of intelligence]

   Int:       It affects your intelligence (+6).
   rF:        It protects you from fire.
 p - the ring "Teprastroen" (right claw) {rF+ rC+ Will+ Int+6}
   (You bought it in a shop on level 2 of the Orcish Mines)

   [ring of intelligence]

   Int:       It affects your intelligence (+6).
   rF:        It protects you from fire.
   rC:        It protects you from cold.
   Will:      It increases your willpower.
 r - a ring of protection from fire
 x - the ring "Vomij" {rPois rF+ Str+5 Int-5}
   (You found it in a Gauntlet)

   [ring of protection from fire]

   Str:       It affects your strength (+5).
   Int:       It affects your intelligence (-5).
   rF:        It protects you from fire.
   rPois:     It protects you from poison.
 C - an amulet of reflection (around neck)
 F - the ring of the Wonderful Mango (left claw) {Fly rElec rC+ Will+ Stlth-}
   (You found it on level 7 of the Dungeon)

   [ring of flight]

   rC:        It protects you from cold.
   rElec:     It insulates you from electricity.
   Fly:       It grants you flight.
   Will:      It increases your willpower.
   Stlth:     It makes you less stealthy.
Wands
 n - a wand of mindburst (33)
 t - a wand of iceblast (53)
 w - a wand of acid (18)
 z - a wand of flame (29)
 I - a wand of charming (16)
 J - a wand of digging (6)
 K - a wand of paralysis (18)
 N - a wand of polymorph (19)
Scrolls
 f - 9 scrolls of fear
 h - a scroll of brand weapon
 o - 2 scrolls of summoning
 u - 5 scrolls of enchant armour
 y - 3 scrolls of amnesia
 A - 2 scrolls of enchant weapon
 B - 10 scrolls of teleportation
 G - 3 scrolls of silence
 Q - 2 scrolls of immolation
 S - 8 scrolls of fog
 T - 2 scrolls of holy word
 X - 3 scrolls of blinking
Potions
 c - 5 potions of might
 j - 3 potions of attraction
 k - a potion of ambrosia
 l - 4 potions of brilliance
 q - 14 potions of curing
 s - 2 potions of resistance
 v - 4 potions of lignification
 E - 2 potions of haste
 H - 9 potions of heal wounds
 M - a potion of cancellation {unknown}
 U - a potion of magic {unknown}
 V - 4 potions of mutation {unknown}
 Y - 2 potions of invisibility {unknown}
 Z - 3 potions of berserk rage
Miscellaneous
 g - a tin of tremorstones (2/2)
 O - a condenser vane
 W - a phantom mirror


   Skills:
 + Level 12.1 Fighting
 + Level 9.8 Armour
 + Level 12.0 Dodging
 + Level 12.0 Shields
 + Level 14.0 Unarmed Combat
 + Level 12.5 Invocations


You had 16 spell levels left.
You didn't know any spells.
Your spell library contained the following spells:

 Spells                   Type           Power      Damage    Failure   Level
 Animate Skeleton         Necr           0%         N/A       56%         1
 Apportation              Tloc           0%         N/A       56%         1
 Freeze                   Ice            0%         1d3       56%         1
 Magic Dart               Conj           0%         1d3       56%         1
 Sandblast                Erth           0%         2d4       56%         1
 Sting                    Tmut/Pois      0%         1d3       56%         1
 Summon Small Mammal      Summ           0%         N/A       56%         1
 Corpse Rot               Necr/Air       0%         N/A       71%         2
 Ensorcelled Hibernation  Hex/Ice        0%         N/A       71%         2
 Passwall                 Tmut/Erth      0%         N/A       71%         2
 Poisonous Vapours        Pois/Air       0%         N/A       71%         2
 Searing Ray              Conj           0%         2d4       71%         2
 Static Discharge         Conj/Air       0%         N/A       71%         2
 Sublimation of Blood     Necr           0%         N/A       71%         2
 Dazzling Flash           Conj/Hex       0%         N/A       91%         3
 Frozen Ramparts          Ice            0%         1d2       91%         3
 Gell's Gravitas          Tloc           0%         N/A       91%         3
 Inner Flame              Hex/Fire       0%         N/A       91%         3
 Lesser Beckoning         Tloc           0%         N/A       91%         3
 Ozocubu's Armour         Ice            0%         N/A       91%         3
 Portal Projectile        Hex/Tloc       0%         N/A       91%         3
 Spider Form              Tmut/Pois      0%         N/A       91%         3
 Stone Arrow              Conj/Erth      0%         3d7       91%         3
 Teleport Other           Tloc           0%         N/A       91%         3
 Anguish                  Hex/Necr       0%         N/A       100%        4
 Animate Dead             Necr           0%         N/A       100%        4
 Cause Fear               Hex            0%         N/A       100%        4
 Dispel Undead            Necr           0%         3d6       100%        4
 Fulminant Prism          Conj/Hex       0%         3d6       100%        4
 Hailstorm                Conj/Ice       0%         3d3       100%        4
 Leda's Liquefaction      Hex/Erth       0%         N/A       100%        4
 Petrify                  Tmut/Erth      0%         N/A       100%        4
 Sticky Flame             Conj/Fire      0%         2d3       100%        4
 Alistair's Intoxication  Tmut/Pois      0%         N/A       100%        5
 Blade Hands              Tmut           0%         N/A       100%        5
 Excruciating Wounds      Necr           0%         N/A       100%        5
 Freezing Cloud           Conj/Ice/Air   0%         6-21      100%        5
 Irradiate                Conj/Tmut      0%         3d13      100%        5
 Summon Forest            Summ/Tloc      0%         N/A       100%        5
 Summon Mana Viper        Hex/Summ       0%         N/A       100%        5
 Dispersal                Tloc           0%         N/A       100%        6
 Simulacrum               Ice/Necr       0%         N/A       100%        6
 Starburst                Conj/Fire      0%         6d3       100%        6
 Summon Cactus Giant      Summ           0%         N/A       100%        6
 Haunt                    Necr/Summ      0%         N/A       100%        7
 Monstrous Menagerie      Summ           0%         N/A       100%        7
 Ozocubu's Refrigeration  Ice            0%         4d5       100%        7
 Discord                  Hex            0%         N/A       100%        8
 Infestation              Necr           0%         N/A       100%        8
 Polar Vortex             Ice            0%         N/A       100%        9


Dungeon Overview and Level Annotations

Branches:
Dungeon (15/15)            Temple (0/1) D:6            Lair (6/6) D:9
  Swamp (4/4) Lair:2       Spider (0/4) Lair:2        Slime (0/5) Lair:6
    Orc (2/2) D:11            Elf (0/3) Orc:2        Vaults (0/5) D:14
 Depths (0/4) D:15          IceCv (visited)         Gauntlet (visited)

Altars:
Cheibriados
Elyvilon
Fedhas
Gozag
Kikubaaqudgha
Makhleb
Okawaru
Qazlal
Uskayaw
Vehumet
Wu Jian
Xom
The Shining One
Jiyva

Shops:
D:4 [   D:10 [   Orc:1 *   Orc:2 [*(=

Portals:
Trove: D:14 (show abyssal rune of Zot)


Innate Abilities, Weirdness & Mutations

You are too large for most types of armour.
You have claws for hands.
Your natural rate of healing is unusually fast.
You are covered in fur. (AC +1)
You have tough skin. (AC +1)


Message History

You thump the four-headed hydra! You freeze the four-headed hydra.
The four-headed hydra is severely wounded.
You feel sick.
You hear a roar!
You block the four-headed hydra's attack. x2
The four-headed hydra bites you!
* * * LOW HITPOINT WARNING * * *
You feel more protected from physical attacks.
The four-headed hydra closely misses you.
The shambling mangrove hits you!!
* * * LOW HITPOINT WARNING * * *
You feel more protected from physical attacks.
The grasping roots constrict you.
* * * LOW HITPOINT WARNING * * *
The four-headed hydra bites you but does no damage.
You block the four-headed hydra's attack.
The four-headed hydra bites you.
* * * LOW HITPOINT WARNING * * *
You feel more protected from physical attacks.
The four-headed hydra closely misses you.
The roots' grasp on you weakens, but your attempt to escape fails.
You feel sick.
You block the shambling mangrove's attack.
The grasping roots constrict you!
* * * LOW HITPOINT WARNING * * *
The four-headed hydra bites you but does no damage.
You block the four-headed hydra's attack.
The four-headed hydra bites you but does no damage.
You block the four-headed hydra's attack.
You escape the roots' grasp.
A swamp drake comes into view.
You feel sick.
Things that are here:
+0 swamp dragon scales; a swamp dragon corpse You feel sick.
You hear a deafening roar!
Roots burst forth from the earth!
The grasping roots grab you! The grasping roots constrict you!
You die...

≈≈≈≈.≈≈≈≈≈h≈h≈≈≈≈≈♣♣.....≈♣♣♣♣♣♣♣
≈≈@.....≈≈≈≈≈k≈≈≈§♣♣..≈♣♣♣♣ ♣♣♣♣♣
..♣♣♣♣.≈≈≈§≈...♣..♣..≈♣♣ ♣.p..
@.≈♣♣≈.......♣♣♣≈.♣♣≈..♣♣♣ ♣♣≈≈≈≈
♣..≈.....≈≈≈.≈♣♣♣.≈≈≈.≈≈≈♣♣♣≈≈≈≈≈
♣♣♣......§≈.≈.♣≈..≈≈..≈≈≈≈♣♣.≈≈≈p
♣ ..≈≈..≈§....♣○.≈♣.≈≈≈≈≈♣♣♣♣.≈..
≈≈≈..♣≈≈≈≈≈.≈.♣♣.§≈≈≈≈≈.♣♣≈≈≈.
≈≈♣##♣♣≈≈≈°≈@♣♣.≈≈≈≈≈≈.♣♣≈§≈≈
#♣♣..D§.♣≈.........≈..≈
#♣.○f°°.♣.≈...§≈...♣♣
#♣○°≈...≈≈≈≈..[..♣.=
♣≈°♣♣...≈≈≈....≈♣≈≈
#♣≈♣...≈..≈.≈p≈≈≈≈≈
♣k♣..♣♣♣.≈≈≈≈≈..≈≈
≈≈♣♣♣♣♣♣♣≈(.≈≈.... .♣♣
♣♣♣≈...≈≈≈≈≈≈≈


You could see a shambling mangrove, a four-headed hydra and a swamp drake.

Vanquished Creatures
  Rupert (D:15)
  Kirke (Swamp:4)
  A fenstrider witch (Swamp:1)
  The ghost of Ozxa the Eclecticist, an adept DjCA of Ignis (Swamp:1)
  2 frost giants
  2 ghouls (Swamp:4)
  2 orc warlords
  A stone giant (D:15)
  7 bunyips
  3 eleionomae
  A minotaur (Gauntlet)
  A shambling mangrove (Swamp:3)
  3 ettins (Orc:1)
  Snorg (Lair:4)
  3 boulder beetles
  A rakshasa (D:13)
  A ghost crab (Swamp:2)
  31 hydras
  A spriggan air mage (Swamp:2)
  5 catoblepae
  7 centaur warriors
  7 two-headed ogres
  4 alligators
  3 tengu warriors
  30 death yaks
  6 orc high priests
  The ghost of cyrus the Cleaver, a novice HOFi (D:8)
  5 spriggans
  An iron troll (D:14)
  11 goliath frogs
  A wretched star (Abyss:2)
  A death drake (Swamp:2)
  12 swamp dragons
  7 bog bodies
  4 spriggan druids
  A wizard (D:12)
  5 orc sorcerers
  3 deep elf pyromancers
  4 manticores
  An oklob plant (Lair:2)
  14 ugly things
  3 orc knights
  18 cyclopes
  2 will-o-the-wisps
  11 elephants (Lair:5)
  A salamander (Abyss:2)
  An ice statue (IceCv)
  A black mamba (shapeshifter) (D:14)
  2 gargoyles
  3 black mambas
  9 cane toads
  2 smoke demons
  2 unseen horrors (D:13)
  5 rime drakes
  7 komodo dragons
  A tengu conjurer (D:14)
  2 efreet (D:15)
  An ice devil (Gauntlet)
  A kobold demonologist (D:10)
  A red devil (Gauntlet)
  7 trolls
  Grinder (D:3)
  A bloated husk (Swamp:2)
  19 polar bears
  Prince Ribbit (D:4)
  4 tyrant leeches
  4 hornets
  A meliai (Lair:2)
  A raiju (Abyss:2)
  16 slime creatures
  2 shadows (D:12)
  A culicivora (shapeshifter) (D:13)
  Sigmund (D:2)
  A spriggan (shapeshifter) (D:12)
  7 wyverns
  2 vampires
  74 yaks
  A ynoxinul (Gauntlet)
  A large abomination (Abyss:2)
  4 basilisks
  A wraith (D:6)
  4 steam dragons
  A redback simulacrum (D:15)
  9 vampire mosquitoes
  11 swamp worms
  12 wargs (Orc:1)
  A harpy simulacrum (Abyss:2)
  2 acid dragons
  11 water moccasins
  31 orc warriors
  11 swamp drakes
  A hornet zombie (D:9)
  2 sky beasts
  2 black bears (D:6)
  3 necrophages
  11 ogres
  4 ice beasts
  39 wolves
  7 centaurs
  A phantom (D:6)
  8 bullfrogs
  A gnoll sergeant (D:8)
  7 scorpions
  12 killer bees
  A water moccasin skeleton (D:6)
  6 howler monkeys
  10 electric eels
  4 crimson imps (Gauntlet)
  3 starcursed masses (Abyss:2)
  4 hounds
  22 orc priests
  2 jellies
  3 bullfrog skeletons
  2 gnoll shamans
  A centaur skeleton (D:7)
  3 iron imps (D:4)
  Crazy Yiuf (D:2)
  Jessica (D:3)
  3 iguanas
  A scorpion zombie (D:5)
  19 orc wizards
  A centaur simulacrum (D:8)
  A howler monkey zombie (D:9)
  A killer bee simulacrum (D:8)
  Robin (D:3)
  A howler monkey skeleton (D:7)
  18 gnolls
  7 adders
  7 white imps
  2 howler monkey simulacra (D:8)
  2 ufetubi
  A worm (shapeshifter) (D:15)
  3 worms (D:2)
  3 dart slugs
  73 orcs
  4 endoplasms
  4 giant cockroaches
  19 goblins
  11 hobgoblins
  4 jackals (D:1)
  4 kobolds
  3 quokkas
  8 ball pythons
  9 bats
  2 frilled lizards
  10 rats
  A butterfly (Lair:4)
897 creatures vanquished.

Vanquished Creatures (others)
  An alligator (Swamp:4)
  A death yak (IceCv)
  A spriggan (Swamp:3)
  A large abomination (Abyss:2)
  2 yaks (IceCv)
  A wolf (IceCv)
  An orc wizard (Orc:1)
  2 orcs (Orc:1)
  A kobold (D:4)
  A bush (Lair:2)
  15 foxfires
  28 fungi
  26 plants
  2 withered plants (Swamp:1)
83 creatures vanquished.

Grand Total: 980 creatures vanquished

Notes
Turn   | Place    | Note
-------+----------+-------------------------------------------
     0 | D:1      | siradein the Troll Fighter began the quest for the Orb.
     0 | D:1      | Reached XP level 1. HP: 22/22 MP: 0/0
   161 | D:1      | Reached XP level 2. HP: 29/29 MP: 1/1
   444 | D:1      | Found a faded altar of an unknown god.
   448 | D:1      | Reached XP level 3. HP: 33/36 MP: 2/2
   969 | D:2      | Reached XP level 4. HP: 44/44 MP: 3/3
  1006 | D:2      | Found a stormy altar of Qazlal.
  1034 | D:2      | Became a worshipper of Qazlal Stormbringer
  1189 | D:2      | Reached skill level 3 in Unarmed Combat
  1257 | D:2      | Found a runed translucent door.
  1258 | D:2      | Noticed Crazy Yiuf
  1258 | D:2      | Noticed Sigmund
  1420 | D:3      | Noticed Robin
  1429 | D:3      | Killed Robin
  1468 | D:3      | Reached XP level 5. HP: 46/53 MP: 4/4
  1534 | D:3      | Reached * piety under Qazlal
  1566 | D:3      | Noticed Jessica
  1572 | D:3      | Killed Jessica
  1719 | D:3      | Noticed Grinder
  1765 | D:3      | Killed Grinder
  1766 | D:3      | Reached skill level 1 in Invocations
  1766 | D:3      | Reached XP level 6. HP: 40/62 MP: 4/6
  2061 | D:3      | Reached skill level 4 in Unarmed Combat
  2061 | D:3      | Reached XP level 7. HP: 45/68 MP: 7/7
  2230 | D:4      | Found a burning altar of Makhleb.
  2520 | D:4      | Reached ** piety under Qazlal
  2582 | D:4      | Found an ancient bone altar of Kikubaaqudgha.
  2625 | D:4      | Found Huletaxe's Armour Boutique.
  2701 | D:4      | Bought a +1 robe for 100 gold pieces
  2883 | D:2      | Killed Crazy Yiuf
  2937 | D:2      | Killed Sigmund
  2938 | D:2      | Reached XP level 8. HP: 79/79 MP: 9/9
  3041 | D:5      | Entered Level 5 of the Dungeon
  3073 | D:5      | Reached skill level 5 in Unarmed Combat
  3142 | D:5      | Noticed Prince Ribbit
  3202 | D:4      | Killed Prince Ribbit
  3351 | D:5      | Reached skill level 5 in Dodging
  3364 | D:5      | Reached skill level 5 in Fighting
  3371 | D:5      | Reached skill level 5 in Shields
  3627 | D:6      | Reached XP level 9. HP: 84/88 MP: 11/11
  3674 | D:6      | Found a white marble altar of Elyvilon.
  3701 | D:6      | Found a staircase to the Ecumenical Temple.
  3738 | D:6      | Identified the +6 long sword "Wutuz" {venom, Int+4}
  3858 | D:6      | Reached skill level 6 in Unarmed Combat
  3863 | D:6      | Found a stormy altar of Qazlal.
  4073 | D:6      | Reached *** piety under Qazlal
  4732 | D:7      | Reached skill level 5 in Invocations
  4787 | D:7      | Identified the ring of the Wonderful Mango {Fly rElec rC+
                  | Will+ Stlth-}
  5130 | D:7      | Found a blossoming altar of Fedhas.
  5138 | D:7      | Reached XP level 10. HP: 98/98 MP: 13/13
  5140 | D:7      | Found a radiant altar of Vehumet.
  5146 | D:7      | Found an ornate altar of the Wu Jian Council.
  5146 | D:7      | Found a glowing golden altar of the Shining One.
  5712 | D:8      | Reached skill level 7 in Unarmed Combat
  6038 | D:8      | Noticed cyrus's ghost (novice HOFi)
  6127 | D:8      | Found a runed translucent gate.
  6127 | D:8      | Found a runed translucent gate.
  6127 | D:8      | Found a runed translucent gate.
  6144 | D:8      | Reached **** piety under Qazlal
  6708 | D:8      | Killed cyrus's ghost
  6762 | D:9      | Noticed a death yak
  6762 | D:9      | Noticed a death yak
  6991 | D:9      | Reached skill level 8 in Unarmed Combat
  6995 | D:9      | Noticed a death yak
  7033 | D:9      | Killed a death yak
  7034 | D:9      | Reached XP level 11. HP: 71/107 MP: 14/14
  7083 | D:9      | Noticed a death yak
  7083 | D:9      | Noticed a death yak
  7118 | D:9      | Noticed a death yak
  7121 | D:9      | Killed a death yak
  7201 | D:9      | Found a staircase to the Lair.
  7364 | D:9      | Paralysed by a hornet for 2 turns
  7372 | D:9      | Paralysed by a hornet for 3 turns
  7495 | D:9      | Killed a death yak
  7496 | D:9      | Reached skill level 1 in Armour
  7521 | D:9      | Killed a death yak
  7528 | D:9      | Killed a death yak
  7583 | D:9      | Killed a death yak
  7583 | D:9      | Reached ***** piety under Qazlal
  7717 | D:10     | Entered Level 10 of the Dungeon
  7781 | D:10     | Found an iron altar of Okawaru.
  7824 | D:10     | Identified the +7 mace "Wainukhof" {freeze, rF+ Will+++
                  | Str+4 Dex-2}
  7978 | D:10     | Noticed a two-headed ogre
  7988 | D:10     | Killed a two-headed ogre
  8132 | D:10     | Found a snail-covered altar of Cheibriados.
  8380 | D:10     | Found Utenk's Armour Shoppe.
  8453 | D:10     | You are sucked into a shaft and drop 1 floor!
  8515 | D:11     | Reached skill level 9 in Unarmed Combat
  8524 | D:11     | Noticed a two-headed ogre
  8542 | D:11     | Killed a two-headed ogre
  8730 | D:10     | Found a shimmering altar of Xom.
  9123 | D:11     | Noticed a brown ugly thing
  9137 | D:11     | Killed a brown ugly thing
  9138 | D:11     | Reached XP level 12. HP: 92/119 MP: 16/16
  9234 | D:11     | Found a staircase to the Orcish Mines.
  9352 | Lair:1   | Entered Level 1 of the Lair of Beasts
  9452 | Lair:1   | Noticed a four-headed hydra
  9456 | Lair:1   | Killed a four-headed hydra
  9868 | Lair:1   | Noticed a seven-headed hydra
  9881 | Lair:1   | Killed a seven-headed hydra
 10005 | Lair:1   | Found a hide-covered altar of Uskayaw.
 10008 | Lair:1   | Noticed a boulder beetle
 10010 | Lair:1   | Found an ornate altar of the Wu Jian Council.
 10017 | Lair:1   | Killed a boulder beetle
 10586 | Lair:2   | Noticed a death yak
 10587 | Lair:2   | Noticed a death yak
 10587 | Lair:2   | Noticed a death yak
 10590 | Lair:2   | Noticed a death yak
 10591 | Lair:2   | Noticed a death yak
 10615 | Lair:2   | Killed a death yak
 10620 | Lair:2   | Killed a death yak
 10620 | Lair:2   | Killed a death yak
 10621 | Lair:2   | Reached skill level 10 in Unarmed Combat
 10625 | Lair:2   | Killed a death yak
 10630 | Lair:2   | Killed a death yak
 10749 | Lair:2   | Found a hole to the Spider Nest.
 11133 | Lair:2   | Found a staircase to the Swamp.
 11376 | Lair:2   | Reached XP level 13. HP: 100/128 MP: 18/18
 11672 | Lair:3   | Reached skill level 5 in Armour
 12279 | Lair:4   | Noticed Snorg
 12406 | Lair:4   | Killed Snorg
 12574 | Lair:4   | Found a frozen archway.
 12585 | IceCv    | Entered an ice cave
 12702 | IceCv    | Reached ****** piety under Qazlal
 13106 | IceCv    | Reached skill level 11 in Unarmed Combat
 13247 | IceCv    | Reached XP level 14. HP: 124/140 MP: 20/20
 13374 | IceCv    | Noticed a frost giant
 13391 | IceCv    | Killed a frost giant
 14017 | Lair:5   | Found a gate leading to a gauntlet.
 14025 | Gauntlet | Entered a Gauntlet
 14025 | Gauntlet | Found a transporter.
 14025 | Gauntlet | Found a transporter.
 14055 | Gauntlet | Found a transporter.
 14067 | Gauntlet | Found a transporter.
 14067 | Gauntlet | Found a transporter.
 14069 | Gauntlet | Found a transporter.
 14069 | Gauntlet | Found a transporter.
 14084 | Gauntlet | Found a transporter.
 14099 | Gauntlet | Found a transporter.
 14110 | Gauntlet | Found a runed translucent door.
 14112 | Gauntlet | Found a transporter.
 14114 | Gauntlet | Found a runed translucent door.
 14127 | Gauntlet | Found a transporter.
 14147 | Gauntlet | Found a transporter.
 14147 | Gauntlet | Found a transporter.
 14160 | Gauntlet | Found a transporter.
 14374 | Gauntlet | Identified the ring of the Lion {rF+ Int+6}
 14515 | Gauntlet | Identified the +2 plate armour of Beogh's Benevolence
                  | {Int+6}
 14515 | Gauntlet | Identified the ring "Vomij" {rPois rF+ Str+5 Int-5}
 14516 | Gauntlet | Got the Handbook of Bewitchment
 14610 | Lair:5   | Reached skill level 10 in Invocations
 15135 | Lair:6   | Entered Level 6 of the Lair of Beasts
 15284 | Lair:6   | Reached skill level 10 in Fighting
 15298 | Lair:6   | Reached skill level 10 in Dodging
 15305 | Lair:6   | Reached skill level 10 in Shields
 15475 | Lair:6   | Found a viscous altar of Jiyva.
 15476 | Lair:6   | Found a staircase to the Slime Pits.
 16200 | Lair:6   | Reached XP level 15. HP: 149/149 MP: 21/21
 16215 | Lair:6   | Identified the +2 short sword of Racua {vorpal, rPois Int+2
                  | Dex-3}
 16676 | D:12     | Reached skill level 12 in Unarmed Combat
 17191 | D:12     | Cast into level 2 of the Abyss (a wizard)
 17262 | Abyss:2  | Paralysed by accursed screaming for 1 turns
 17296 | Abyss:2  | Noticed a tentacled starspawn
 17360 | Abyss:2  | Paralysed by accursed screaming for 1 turns
 17369 | Abyss:2  | Paralysed by accursed screaming for 1 turns
 17431 | D:12     | Escaped the Abyss
 17632 | D:12     | Got the Catalogue of Summoning and Attacks
 17846 | Orc:1    | Entered Level 1 of the Orcish Mines
 18215 | Orc:1    | Noticed a frost giant
 18237 | Orc:1    | Killed a frost giant
 18290 | Orc:1    | Found the +5 sword of Power {vorpal}
 18303 | Orc:1    | Identified the +5 quarterstaff of Breach {vorpal, Will++
                  | MP+9 Str-5}
 18305 | Orc:1    | Identified the +4 hand crossbow "Wurph" {elec, rElec}
 18322 | Orc:1    | Identified the +1 robe of Sif Muna's Regard {Str+3}
 18667 | Orc:1    | Found Buute's General Store.
 18674 | Orc:1    | Bought a scroll of teleportation for 36 gold pieces
 18810 | Orc:2    | Entered Level 2 of the Orcish Mines
 18812 | Orc:2    | Found Biufevvi's Antique Weapon Boutique.
 18842 | Orc:2    | Noticed an orc warlord
 19022 | Orc:1    | Killed an orc warlord
 19613 | Orc:2    | Found Yloufrie's General Store.
 19656 | Orc:2    | Bought a +1 hat for 132 gold pieces
 19661 | Orc:2    | Bought a scroll of acquirement for 624 gold pieces
 19662 | Orc:2    | Acquired the +0 cloak of Bitterness {Dex+6}
 19716 | Orc:2    | Found Tiqer's Jewellery Shop.
 19724 | Orc:2    | Bought the ring "Teprastroen" {rF+ rC+ Will+ Int+6} for
                  | 1106 gold pieces
 19793 | Orc:2    | Found Hywkovi's Antique Armour Boutique.
 19799 | Orc:2    | Found a staircase to the Elven Halls.
 20028 | Orc:2    | Noticed an orc warlord
 20041 | Orc:2    | Killed an orc warlord
 20673 | D:13     | Reached XP level 16. HP: 147/162 MP: 21/23
 20794 | D:14     | Found an opulent altar of Gozag.
 20996 | D:14     | Found a portal to a secret trove of treasure.
 21285 | D:14     | Found a gate to the Vaults.
 21366 | D:15     | Entered Level 15 of the Dungeon
 21393 | D:15     | Reached skill level 13 in Unarmed Combat
 21421 | D:15     | Found an ornate altar of the Wu Jian Council.
 21425 | D:15     | Noticed Rupert
 21438 | D:15     | Killed Rupert
 21904 | D:15     | Identified the +5 falchion "Toczinti" {flame, SInv}
 22128 | D:15     | Found a staircase to the Depths.
 22391 | Swamp:1  | Entered Level 1 of the Swamp
 22866 | Swamp:1  | Found a runed translucent door.
 22866 | Swamp:1  | Noticed Ozxa's ghost (adept DjCA)
 22898 | Swamp:1  | Killed Ozxa's ghost
 23405 | Swamp:2  | Identified the +5 quarterstaff of the Disturbing Things
                  | {vorpal, rCorr Str+2 Stlth-}
 23670 | Swamp:2  | Got Sif Muna's Volume of Shape Shifting and Evil
 24281 | Swamp:3  | Reached XP level 17. HP: 159/172 MP: 22/25
 24872 | Swamp:4  | Entered Level 4 of the Swamp
 25339 | Swamp:4  | Noticed Kirke
 25575 | Swamp:4  | Reached skill level 14 in Unarmed Combat
 25657 | Swamp:4  | Killed Kirke
 25755 | Swamp:4  | HP: 2/172 [constriction (13)]
 25757 | Swamp:4  | Constricted to death by a shambling mangrove

Illustrated notes

Levels and vault maps discovered:
D:1:      giann_forest_graveyard, layout_loops_ring,
          dreamdust_ecumenical_altar_grove
D:2:      layout_rooms, basic_altar, minmay_tripent, uniq_crazy_yiuf_cottage,
          uniq_sigmund
D:3:      layout_basic, grunt_ministairs_1, uniq_robin, uniq_grinder,
          uniq_jessica
D:4:      layout_rooms, demons_altar, nicolae_kikubaaqudgha_miasma_corner,
          kennysheep_windowed_goal
D:5:      layout_rooms, uniq_prince_ribbit1
D:6:      layout_basic, nicolae_overflow_hidden_temple, elyvilon_altar_4,
          minmay_temple_entry_trees
D:7:      layout_basic, minitemple
D:8:      layout_basic, gammafunk_ghost_icy
D:9:      hellmonk_destroyed_diamonds, layout_rooms, dpeg_lair_monsters
D:10:     layout_basic, lemuel_coloured_pillars_altar,
          mainiacjoe_overflow_alcove_1, mainiacjoe_overflow_surrounded_room,
          serial_shops, kennysheep_mini, lightli_minifort
D:11:     layout_roguey, orc_0_dummy
D:12:     layout_irregular_city, grunt_potential
D:13:     layout_cave_pools, serial_bayou_pond_e,
          minmay_fractal_squares_gapless_5
D:14:     layout_cave_pools, david_vaults_4, enter_trove_1,
          nicolae_gozag_cash_rules_everything_around_me
D:15:     grunt_enter_depths_snipers, layout_loops_ring,
          nicolae_wu_jian_immortal_techniques, uniq_rupert
Lair:1:   beast_lair_carwin_large_3, layout_cave_pods, serial_bayou_pond_e,
          nzn_masters_of_martial_movement
Lair:2:   layout_gridlike, skrybe_swamp_entry_bodies,
          hellmonk_spider_entry_not_the_bees, cheibrodos_lair_caveside_slide,
          dpeg_stationary_puzzle
Lair:3:   layout_cave_shapes, grunt_megastairs_2, infiniplex_staircase_pool
Lair:4:   layout_loops_ring, portal_ice_cave_entry_pillars_1,
          grunt_megastairs_3, infiniplex_staircase_pool_2, lemuel_fruit_tree,
          lemuel_fruit_fields, uniq_snorg
Lair:5:   layout_loops_ring, gauntlet_entry_generic, grunt_megastairs_1
Lair:6:   evilmike_catoblepas_cave, layout_misc_corridors, slime_altar_1
Swamp:1:  layout_falls_marsh, gammafunk_ghost_grave, evilmike_swamp_ruin_house_5
Swamp:2:  nzn_winding_woodlands_small [nzn_winding_woodlands_5x15_sawtooth,
          nzn_winding_woodlands_center_diamonds,
          nzn_winding_woodlands_5x15_parted], layout_basic_swamp,
          nicolae_swamp_stair_fork
Swamp:3:  layout_falls_marsh, evilmike_swamp_ruin_house_6, swamp_pool5,
          nicolae_swamp_feature_on_the_river_bank
Swamp:4:  swamp, layout_basic_swamp, swamp_pool4, uniq_kirke
Orc:1:    giant_chief_lemuel, layout_caves, serial_shops,
          nicolae_shop_waterfront
Orc:2:    grunt_orc_gardens, layout_caves, grunt_orc_garden, grunt_orc_garden,
          grunt_orc_garden, grunt_orc_garden, special_room, minmay_orc_barracks

Skill      XL: |  1  2  3  4  5  6  7  8  9 10 11 12 13 14 15 16 17 |
---------------+----------------------------------------------------+-----
Fighting       | 3 4 5 6 7 8 9 10 11 12 | 12.1
Dodging        | 3 4 5 6 7 8 9 10 11 12 | 12.0
Shields        | 3 4 5 7 8 9 10 11 12 | 12.0
Unarmed Combat | 3 4 5 6 8 9 10 11 12 13 14 | 14.0
Invocations    | 1 3 4 5 6 7 8 9 10 11 12 | 12.5
Armour         | 2 4 6 7 8 9 |  9.8

Action                   |  1- 3 |  4- 6 |  7- 9 | 10-12 | 13-15 | 16-18 || total
-------------------------+-------+-------+-------+-------+-------+-------++-------
Melee: Unarmed           |    95 |   133 |   373 |   695 |  1300 |   689 ||  3285
       Long sword        |       |       |       |     6 |       |       ||     6
       Mace              |       |       |       |     4 |    51 |   103 ||   158
Invok: Upheaval          |       |       |       |     4 |     2 |       ||     6
       Elemental Force   |       |       |       |       |     1 |       ||     1
  Use: Scroll            |       |       |     6 |     6 |    15 |     4 ||    31
 Stab: Sleeping          |     1 |       |       |       |       |       ||     1
       Petrified         |       |       |       |       |     9 |       ||     9
       Petrifying        |       |       |       |       |     1 |       ||     1
       Confused          |       |       |       |       |       |     4 ||     4
Armor: Robe              |    25 |    41 |   103 |    12 |       |       ||   181
       Steam dragon scal |       |       |       |    25 |       |       ||    25
       Skin              |       |       |       |     1 |       |       ||     1
       Pearl dragon scal |       |       |       |    87 |   148 |       ||   235
       Troll leather arm |       |       |       |       |   262 |   244 ||   506
Dodge: Dodged            |    34 |    47 |   110 |   141 |   413 |   351 ||  1096
       Repelled          |       |       |       |     3 |     7 |    10 ||    20
Block: Kite shield       |    34 |    58 |   225 |   559 |  1718 |  1069 ||  3663
       Reflection        |       |       |     3 |    10 |    30 |    37 ||    80
       Other             |       |       |       |     2 |       |       ||     2

Table legend: (Time is in decaauts)
 A = Elapsed time spent in this place.
 B = Non-inter-level travel time spent in this place.
 C = Inter-level travel time spent in this place.
 D = Time resting spent in this place.
 E = Time spent auto-exploring this place.
 F = Levels seen in this place.
 G = Mean time per level.
                   A        B        C        D        E       F      G
               +--------+--------+--------+--------+--------+-----+--------+
         Total |  25578 |  24494 |   1084 |    666 |  16461 |  30 |  852.6 |
       Dungeon |  12515 |  11877 |    638 |    238 |   8336 |  15 |  834.3 |
          Lair |   5882 |   5551 |    331 |    100 |   3987 |   6 |  980.3 |
         Swamp |   3330 |   3268 |     62 |    300 |   1870 |   4 |  832.5 |
  Orcish Mines |   2247 |   2195 |     52 |     24 |   1411 |   2 | 1123.5 |
         Abyss |    236 |    236 |      0 |      0 |     89 |   1 |  236.0 |
      Ice Cave |    877 |    877 |      0 |      4 |    497 |   1 |  877.0 |
      Gauntlet |    489 |    489 |      0 |      0 |    271 |   1 |  489.0 |
               +--------+--------+--------+--------+--------+-----+--------+

Top non-repeatable levels by time:
   Orc:1: 1434 daAuts
  Lair:6: 1340 daAuts
     D:8: 1264 daAuts
     D:7: 1196 daAuts
  Lair:1: 1191 daAuts
    D:10: 1090 daAuts
 Swamp:2: 1003 daAuts
  Lair:2: 1000 daAuts
    D:12: 971 daAuts
  Lair:3: 931 daAuts
     D:9: 885 daAuts
   IceCv: 877 daAuts
     D:6: 863 daAuts
    D:15: 822 daAuts
 Swamp:1: 822 daAuts
